 Dungeon Crawl Stone Soup version 0.31-a0-232-gb1c03b2570 (webtiles) character file.

Game seed: 8525295860627286529

108 qw the Shooter (level 4, -4/26 HPs)
             Began as a Gargoyle Hexslinger on July 7, 2023.
             Slain by a black bear (6 damage)
             ... on level 4 of the Dungeon.
             The game lasted 00:00:47 (2456 turns).

qw the Shooter (Gargoyle Hexslinger)                Turns: 2456, Time: 00:00:47

Health: -4/26      AC:  9    Str: 11    XL:     4   Next: 87%
Magic:  5/5        EV: 10    Int: 14    God:
Gold:   144        SH:  0    Dex: 14    Spells: 4/5 levels left

rFire   . . .        Y - +1 sling
rCold   . . .        (no shield)
rNeg    + . .        a - +0 ring mail
rPois   inf          (no helmet)
rElec   +            (no cloak)
rCorr   .            (no gloves)
SInv    .            c - +0 pair of boots
Will    .....        (no amulet)
Stlth   +            (no ring)
HPRegen 0.24/turn    (no ring)
MPRegen 0.09/turn

%: no passive effects
@: about to teleport
A: sickness immunity, AC +3, negative energy resistance 1, electricity
resistance, torment resistance 1, petrification resistance
a: no special abilities


You were on level 4 of the Dungeon.
You visited 1 branch of the dungeon, and saw 4 of its levels.

You collected 144 gold pieces.


Innate Abilities, Weirdness & Mutations

You are immune to sickness and miasma.
Your stone body is resilient. (AC +3)
You are immune to poison.
You resist negative energy. (rN+)
You are resistant to electric shocks. (rElec)
You are resistant to unholy torment.
You are immune to petrification.


   Skills:
 - Level 2.0 Fighting
 + Level 4.4 Ranged Weapons
 - Level 1.0 Armour
 - Level 1.5 Dodging
 - Level 1.0 Spellcasting
 - Level 2.6 Hexes


You had 4 spell levels left.
You knew the following spells:

 Your Spells              Type           Power      Damage    Failure   Level
a - Slow                  Hex            32%        N/A       21%         1

Your spell library contained the following spells:

 Spells                   Type           Power      Damage    Failure   Level
 Inner Flame              Hex/Fire       4%         N/A       71%         3
 Portal Projectile        Hex/Tloc       8%         N/A       71%         3
 Cause Fear               Hex            4%         N/A       90%         4

Inventory:

Hand Weapons
 Y - a +1 sling (weapon)
Armour
 a - a +0 ring mail (worn)
 c - a +0 pair of boots (worn)
Scrolls
 b - a scroll of identify
Potions
 d - 2 potions of curing
 e - a potion of resistance {unknown}
 g - a potion of cancellation {unknown}

Dungeon Overview and Level Annotations

Branches:
Dungeon (4/15)
 Temple: D:4-7

Altars:

Annotations:
D:3 1 runed translucent door, Crazy Yiuf


Message History

The sling bullet barely misses the black bear.
You shoot a sling bullet. The sling bullet hits the black bear.
The black bear is moderately wounded.
The black bear bites you.
The black bear claws you but does no damage. x2
A kobold comes into view. It is wielding a +0 whip.
The black bear closely misses you. The black bear barely misses you.
The black bear claws you but does no damage.
You shoot a sling bullet.
The sling bullet completely misses the black bear.
The black bear bites you. The black bear claws you. x2
You shoot a sling bullet. The sling bullet hits the black bear!
The black bear is heavily wounded.
The black bear bites you but does no damage.
The black bear claws you but does no damage.
The black bear claws you.
You shoot a sling bullet. The sling bullet hits the black bear.
The black bear is severely wounded.
The black bear bites you. The black bear misses you.
The black bear claws you but does no damage.
The black bear closely misses you. The black bear barely misses you.
The black bear claws you but does no damage.
You shoot a sling bullet.
The sling bullet barely misses the black bear.
The black bear bites you. The black bear barely misses you.
The black bear claws you but does no damage.
You shoot a sling bullet. The sling bullet hits the black bear.
The black bear is almost dead.
The black bear goes berserk!
The kobold completely misses you.
You shoot a sling bullet. The sling bullet hits the black bear.
The black bear is almost dead.
The black bear closely misses you.
The black bear claws you but does no damage. x2
The kobold hits you with a +0 whip. The black bear bites you.
The black bear closely misses you. x2; The kobold hits you but does no damage.
2456 ||| READING scroll of teleportation.
As you read the scroll of teleportation, it crumbles to dust.
You feel strangely unstable. The black bear bites you.
You die...

..
#..#########
...........##
.$....hK....#
#@..#.# #
#...#.# #.
##...#.# #^
#......#
..##.....#
#.##....#
#.:#....#
#.##....# #
#.....#


You could see a black bear (berserk) and a kobold.

Vanquished Creatures
  Jessica (D:3)
  Terence (D:3)
  2 adders (D:3)
  4 endoplasms
  2 giant cockroaches
  4 goblins
  2 hobgoblins
  8 kobolds
  A quokka (D:1)
  3 ball pythons
  8 bats
  3 frilled lizards
  3 rats (D:2)
42 creatures vanquished.

Notes
Turn   | Place    | Note
-------+----------+-------------------------------------------
     0 | D:1      | qw the Gargoyle Hexslinger began the quest for the Orb.
     0 | D:1      | Reached XP level 1. HP: 12/12 MP: 2/2
     0 | D:1      | 0 ||| qw: Version: 0.3-a-46-gb1f654a
     0 | D:1      | 0 ||| qw: Game counter: 2656
     0 | D:1      | 0 ||| qw: Melee chars always use a shield: true
     0 | D:1      | 0 ||| qw: God list: Okawaru
     0 | D:1      | 0 ||| qw: Allow faded altars: false
     0 | D:1      | 0 ||| qw: Do Orc after clearing Dungeon:15 true
     0 | D:1      | 0 ||| qw: Do second Lair branch before Depths: true
     0 | D:1      | 0 ||| qw: Lair rune preference: random
     0 | D:1      | 0 ||| qw: Goals: Normal
     0 | D:1      | 0 ||| PLANNING D:1-11
   207 | D:1      | Reached XP level 2. HP: 16/16 MP: 3/3
   541 | D:1      | 541 ||| UPGRADING to +0 leather armour.
   551 | D:1      | 551 ||| DROPPING +0 robe.
   552 | D:1      | 552 ||| READING scroll labelled QUPNEMM HENOESH.
   553 | D:1      | 553 ||| DRINKING 2 brown potions.
   554 | D:1      | 554 ||| DROPPING scroll of poison.
   584 | D:2      | Reached skill level 3 in Ranged Weapons
   819 | D:2      | Reached XP level 3. HP: 18/21 MP: 4/4
   982 | D:2      | 982 ||| Stepping ~*~*~tactically~*~*~ (outnumbered).
   984 | D:2      | 984 ||| Stepping ~*~*~tactically~*~*~ (outnumbered).
  1317 | D:2      | 1317 ||| UPGRADING to +0 ring mail.
  1327 | D:2      | 1327 ||| DROPPING +0 leather armour.
  1328 | D:2      | 1328 ||| READING scroll labelled YLEIN USOT.
  1421 | D:3      | Noticed Terence
  1429 | D:3      | HP: 5/21 [Terence/+0 hand axe (3)]
  1429 | D:3      | HP: 2/21 [Terence/+0 hand axe (3)]
  1432 | D:3      | Killed Terence
  1433 | D:3      | Reached XP level 4. HP: 4/26 MP: 5/5
  1550 | D:3      | Found a runed translucent door.
  1551 | D:3      | Noticed Crazy Yiuf
  1695 | D:3      | Noticed Jessica
  1702 | D:3      | Killed Jessica
  1703 | D:3      | Reached skill level 4 in Ranged Weapons
  2195 | D:3      | 2195 ||| UPGRADING to +0 pair of boots.
  2200 | D:3      | 2200 ||| READING scroll labelled VELOGE IPSIJ.
  2201 | D:3      | 2201 ||| READING scroll labelled RANEPNECZA.
  2302 | D:3      | 2302 ||| DROPPING potion of brilliance.
  2356 | D:4      | Reached skill level 1 in Armour
  2359 | D:4      | 2359 ||| STAIRDANCE
  2445 | D:4      | Noticed a black bear
  2455 | D:4      | HP: 4/26 [kobold/+0 whip (4)]
  2456 | D:4      | 2456 ||| READING scroll of teleportation.
  2456 | D:4      | Slain by a black bear

Levels and vault maps discovered:
D:1:      dpeg_arrival_refuge, layout_basic
D:2:      layout_basic, lexackson_kobold_supper
D:3:      layout_loops_ring, nicolae_concentric_dashed_squares_wild,
          roderic_filled_cross, uniq_jessica, uniq_terence,
          uniq_crazy_yiuf_cottage
D:4:      layout_basic, amethyst_overflow_temple_binary,
          gammafunk_ghost_abyssal_escape, serial_shops,
          nicolae_shop_rolling_square, minmay_misc_feat_doors,
          dk_noncrumbling_3, grunt_decor_one_mirror, uniq_natasha

Skill      XL: |  1  2  3  4 |
---------------+-------------+-----
Ranged Weapons | 3 4 |  4.4
Fighting       | 2 |  2.0
Armour         | 1 |  1.0
Dodging        | |  1.5
Spellcasting   | |  1.0
Hexes          | |  2.6

Action                     |  1- 3 |  4- 6 || total
---------------------------+-------+-------++-------
   Fire: Sling             |   113 |    61 ||   174
    Use: Scroll            |     2 |     3 ||     5
         Potion            |     1 |       ||     1
 Armour: Robe              |    11 |       ||    11
         Leather armour    |     8 |       ||     8
         Ring mail         |     3 |    36 ||    39
  Dodge: Dodged            |    46 |    32 ||    78

Table legend:
 A = Non-vault XP
 B = Vault XP
 C = Vault XP percentage of total XP
 D = Non-vault monster count
 E = Vault monster count
 F = Vault count percentage of total count
                 A         B        C        D         E       F
            +---------+---------+-------+---------+---------+-------
      Total |      72 |      83 |  53.5 |      32 |      10 |  23.8
            +---------+---------+-------+---------+---------+-------
        D:1 |      18 |       0 |   0.0 |      11 |       0 |   0.0
        D:2 |      20 |      10 |  33.3 |      11 |       8 |  42.1
        D:3 |      33 |      73 |  68.9 |       9 |       2 |  18.2
        D:4 |       1 |       0 |   0.0 |       1 |       0 |   0.0
            +---------+---------+-------+---------+---------+-------
